 Dungeon Crawl Stone Soup version 0.23.2-11-gf996548c65 (webtiles) character file.

Game seed: 5567177262989029386

1829 Jolcsuper the Slinger (level 9, -11/79 HPs)
             Began as a Halfling Hunter on June 6, 2019.
             Was a Follower of Yredelemnul.
             Engulfed by a cloud of flame (20 damage)
             ... on level 7 of the Dungeon.
             The game lasted 01:12:13 (6969 turns).

Jolcsuper the Slinger (Halfling Hunter)             Turns: 6969, Time: 01:12:13

Health: -11/79     AC: 24    Str: 15      XL:     9   Next: 32%
Magic:  18/18      EV:  3    Int: 10      God:    Yredelemnul [*.....]
Gold:   237        SH:  8    Dex: 16 (17) Spells: 6/8 levels left

rFire    . . .     SeeInvis .   M - +3 short sword
rCold    . . .     Gourm    .   E - +0 shield
rNeg     + + +     Faith    .   (armour currently unavailable)
rPois    +         Spirit   .   (helmet currently unavailable)
rElec    .         Reflect  .   (cloak currently unavailable)
rCorr    .         Harm     .   (gloves currently unavailable)
MR       .....     NoTele   +   (boots currently unavailable)
Stlth    +++.......             F - amulet of the acrobat
HPRegen  0.23/turn              m - ring of magical power
MPRegen  0.16/turn              p - ring of flight

@: tree-form, lightly drained
A: small, frail 1, mutation resistance 1, strong 1
a: Animate Remains, Renounce Religion


You were on level 7 of the Dungeon.
You worshipped Yredelemnul.
Yredelemnul was aware of your devotion.
You were hungry.
You were a tree.
You visited 2 branches of the dungeon, and saw 8 of its levels.

You collected 237 gold pieces.

Inventory:

Hand Weapons
 a - a +1 hunting sling
 b - a +0 short sword
 h - a +0 hand axe
 k - a +0 whip
 q - a +0 hand axe
 x - a +0 quarterstaff
 A - a +0 hunting sling
 B - a +0 hunting sling
 I - a +0 shortbow
 J - a +2 falchion of slicing
 M - a +3 short sword (weapon)
Missiles
 d - 6 sling bullets
 g - 168 stones (quivered)
 j - 2 tomahawks
 l - 45 poisoned needles
 o - 43 bolts
 u - 101 arrows
Armour
 c - a +1 leather armour (melded)
 e - a +0 robe
 n - a +0 robe
 r - a +1 pair of gloves (melded)
 t - a +0 cloak
 y - a +0 naga barding
 E - a +0 shield (worn)
 G - a +0 cloak (melded)
 H - a +0 leather armour
 N - a +0 robe
Jewellery
 m - a ring of magical power (left branch)
 p - a ring of flight (right branch)
 F - an amulet of the acrobat (around neck)
Scrolls
 i - 2 scrolls of enchant armour
 s - 3 scrolls of identify
 v - a scroll of remove curse
 z - a scroll of fear
 C - 3 scrolls of immolation
 K - 2 scrolls of vulnerability
Comestibles
 f - 3 rations


   Skills:
 + Level 4.5 Fighting
 + Level 1.2 Short Blades
 + Level 12.2 Slings
 + Level 0.8(5.5) Throwing
 + Level 3.2 Armour
 + Level 3.8 Dodging
 * Level 5.5 Stealth
 + Level 1.7 Shields
 + Level 0.1 Spellcasting
 + Level 0.2(0.1) Summonings


You had 6 spell levels left.
You knew the following spells:

 Your Spells              Type           Power        Failure   Level  Hunger
a - Call Imp              Summ           #.......     97%         2    ###....

Your spell library contained the following spells:

 Spells                   Type           Power        Failure   Level  Hunger
 Summon Small Mammal      Summ           #...         91%         1    ##.....
 Beastly Appendage        Tmut           #.....       92%         1    ##.....
 Passwall                 Tmut/Erth      #.......     98%         2    ###....
 Sticks to Snakes         Tmut           #.......     98%         2    ###....
 Swiftness                Chrm/Air       #.......     98%         2    ###....
 Call Canine Familiar     Summ           #.......     99%         3    ####...
 Spider Form              Tmut/Pois      #.........   100%        3    ####...
 Summon Guardian Golem    Hex/Summ       #.......     100%        3    ####...
 Ice Form                 Ice/Tmut       #.......     100%        4    #####..
 Passage of Golubria      Tloc           N/A          100%        4    #####..
 Summon Ice Beast         Ice/Summ       #.......     100%        4    #####..
 Summon Lightning Spire   Summ/Air       #.......     100%        4    #####..
 Blade Hands              Tmut           #.........   100%        5    ######.
 Lee's Rapid Deconstruct  Erth           #.........   100%        5    ######.
 Darkness                 Hex            #.........   100%        6    #######
 Invisibility             Hex            #.......     100%        6    #######


Dungeon Overview and Level Annotations

Branches:
Dungeon (6/15)             Temple (1/1) D:5

Altars:
Ashenzari
Cheibriados
Dithmenos
Elyvilon
Fedhas
Gozag
Hepliaklqana
Kikubaaqudgha
Makhleb
Nemelex Xobeh
Okawaru
Qazlal
Ru
Sif Muna
Trog
Uskayaw
Vehumet
Wu Jian
Xom
Yredelemnul
Zin
The Shining One


Innate Abilities, Weirdness & Mutations

You are small and have problems with some larger weapons.
You are somewhat resistant to further mutation.
You are frail. (-10% HP)
Your muscles are strong. (Str +2)


Message History

The fiery explosion engulfs the scorpion!!!
The scorpion explodes!
The fiery explosion engulfs the centaur!!
The centaur explodes!
The fiery explosion engulfs the ogre!!
The ogre is almost dead.
Yredelemnul accepts your kill.
Your base Short Blades skill increases to level 1!
Yredelemnul accepts your kill.
You feel your dexterity returning.
Your Shields skill increases to level 1!
The fiery explosion engulfs you.
* * * LOW HITPOINT WARNING * * *
Yredelemnul accepts your kill.
You can now animate remains.
Yredelemnul accepts your kill.
The fiery explosion engulfs you but does no damage.
Yredelemnul accepts your kill.
You are engulfed in blazing flames.
You die...
Your body rises from the dead as a mindless zombie.

##### #...#########..
#......o.(((..(
#..o#########.. ##.##
##.##########
########.....§§§♣..#
.o.o.........§§§##.#
########..#####§# #
###### #..# #§#
o....###..#####O##
####........5.YJ$#.
#.....................
#.#####.####....#.####
#. #.# #.#.##.#


You could see a sky beast (inner flame), an ogre (inner flame) and a jelly
(inner flame).

Vanquished Creatures
  Menkaure (D:4)
  A sky beast (D:6)
  A necrophage (D:5)
  An ogre (D:6)
  An ice beast (D:5)
  5 centaurs
  A scorpion (D:7)
  5 wights (D:6)
  A howler monkey (D:4)
  4 crimson imps
  A hound (D:6)
  A quasit (D:7)
  A centaur skeleton (D:6)
  An orc priest (D:5)
  3 iguanas
  An orc wizard (D:5)
  5 worker ants
  A hound skeleton (D:6)
  A worker ant zombie (D:6)
  Robin (D:2)
  6 gnolls
  2 adders
  2 shadow imps
  An adder skeleton (D:5)
  3 worms
  3 leopard geckos
  9 orcs
  2 giant cockroaches
  14 goblins
  8 hobgoblins
  3 jackals (D:2)
  6 kobolds
  4 quokkas
  7 bats
  4 frilled lizards
  A giant cockroach zombie (D:4)
  2 quokka skeletons (D:4)
  3 rats
  A plant (D:2)
118 creatures vanquished.

Notes
Turn   | Place    | Note
-------+----------+-------------------------------------------
     0 | D:1      | Jolcsuper the Halfling Hunter began the quest for the Orb.
     0 | D:1      | Reached XP level 1. HP: 14/14 MP: 1/1
    48 | D:1      | Reached skill level 6 in Slings
   249 | D:1      | Reached XP level 2. HP: 19/19 MP: 2/2
  1240 | D:2      | Reached XP level 3. HP: 24/24 MP: 3/3
  1243 | D:2      | Noticed Robin
  1307 | D:2      | Reached skill level 7 in Slings
  1321 | D:2      | Killed Robin
  1442 | D:2      | Reached XP level 4. HP: 28/29 MP: 4/4
  1672 | D:2      | Reached XP level 5. HP: 35/35 MP: 5/5
  2194 | D:3      | Found a bloodstained altar of Trog.
  2319 | D:4      | Noticed Menkaure
  2332 | D:4      | Killed Menkaure
  2332 | D:4      | Reached skill level 8 in Slings
  2332 | D:4      | Reached skill level 1 in Armour
  2332 | D:4      | Reached XP level 6. HP: 13/41 MP: 6/6
  3019 | D:3      | Found a faded altar of an unknown god.
  3019 | D:3      | Found a hide-covered altar of Uskayaw.
  3029 | D:3      | Found a sacrificial altar of Ru.
  3037 | D:3      | Found a glowing silver altar of Zin.
  3039 | D:3      | Found a faded altar of an unknown god.
  3749 | D:5      | Entered Level 5 of the Dungeon
  3809 | D:5      | Reached skill level 9 in Slings
  4042 | D:5      | Reached XP level 7. HP: 30/46 MP: 7/7
  4056 | D:5      | Found a staircase to the Ecumenical Temple.
  4067 | Temple   | Entered the Ecumenical Temple
  4545 | D:5      | Found a hazy altar of Hepliaklqana.
  4596 | D:5      | Reached skill level 10 in Slings
  4651 | D:5      | Reached XP level 8. HP: 22/52 MP: 8/8
  5723 | Temple   | Became a worshipper of Yredelemnul the Dark
  5897 | D:6      | Reached skill level 11 in Slings
  6001 | D:6      | Gained mutation: You are frail. (-10% HP) [potion of
                  | mutation]
  6001 | D:6      | Gained mutation: Your muscles are strong. (Str +2) [potion
                  | of mutation]
  6285 | D:6      | Reached skill level 5 in Stealth
  6285 | D:6      | Reached XP level 9. HP: 52/52 MP: 9/9
  6287 | D:6      | Found a deep blue altar of Sif Muna.
  6364 | D:6      | Learned a level 2 spell: Call Imp
  6449 | D:6      | Reached skill level 12 in Slings
  6887 | D:6      | You fall through a shaft!
  6969 | D:7      | Reached skill level 1 in Short Blades
  6969 | D:7      | Reached skill level 1 in Shields
  6969 | D:7      | Reached * piety under Yredelemnul
  6969 | D:7      | Engulfed by a cloud of flame

Skill      XL: |  1  2  3  4  5  6  7  8  9 |
---------------+----------------------------+-----
Slings         | 6 7 8 9 10 11 12 | 12.2
Fighting       | 2 3 4 |  4.5
Armour         | 1 2 3 |  3.2
Stealth        | 2 3 5 |  5.5
Dodging        | 3 |  3.8
Short Blades   | 1 |  1.2
Shields        | 1 |  1.7
Throwing       | |  0.8
Spellcasting   | |  0.1
Summonings     | |  0.2

Action                   |  1- 3 |  4- 6 |  7- 9 || total
-------------------------+-------+-------+-------++-------
Melee: Hunting sling     |     8 |    17 |     4 ||    29
       Hand axe          |       |    25 |       ||    25
       Short sword       |       |       |    36 ||    36
 Fire: Hunting sling     |    79 |   121 |   263 ||   463
Throw: Stone             |       |       |    34 ||    34
 Cast: Call Imp          |       |       |     2 ||     2
  Use: Scroll            |     5 |    10 |     9 ||    24
       Potion            |     1 |     4 |     6 ||    11
  Eat: Ration            |     1 |     2 |     1 ||     4
       Chunk             |       |       |     4 ||     4
Armor: Leather armour    |    17 |    12 |    55 ||    84
       Skin              |       |       |    79 ||    79
Dodge: Dodged            |    44 |    42 |   161 ||   247
Block: Shield            |       |       |    51 ||    51
